 Dungeon Crawl Stone Soup version 0.18-a0-1805-g8ab820f (webtiles) character file.

88 epen the Ducker (level 4, 0/23 HPs)
             Began as a Spriggan Abyssal Knight on Apr 25, 2016.
             Was a Believer of Lugonu.
             Slain by a giant newt (3 damage)
             ... on level 3 of the Dungeon.
             The game lasted 00:06:07 (3010 turns).

epen the Ducker (Spriggan Abyssal Knight)           Turns: 3010, Time: 00:06:08

Health: 0/23       AC:  3    Str:  8    XL:     4   Next: 29%
Magic:  7/7        EV: 19    Int: 15    God:    Lugonu [**....]
Gold:   45         SH:  2    Dex: 16    Spells: 0 memorised, 3 levels left

rFire  . . .     SeeInvis +     a - +1 short sword
rCold  . . .     Gourm    .     b - +1 robe
rNeg   . . .     Faith    .     (shield restricted)
rPois  .         Spirit   .     (helmet restricted)
rElec  .         Dismiss  .     (no cloak)
rCorr  .         Reflect  +     (gloves unavailable)
SustAt .         Harm     .     (boots unavailable)
MR     .....                    d - +2 amulet of reflection
Stlth  ++........               (no ring)
                                (no ring)

@: very quick, not resistant to hostile enchantments, unstealthy
A: unfitting armour, claws 1, see invisible, clever 1, herbivore 3, speed 3,
slow metabolism 2
a: Depart the Abyss, Bend Space, Renounce Religion


You were on level 3 of the Dungeon.
You worshipped Lugonu.
Lugonu was pleased with you.
You were not hungry.

You visited 1 branch of the dungeon, and saw 3 of its levels.
You visited the Abyss 1 time.

You collected 45 gold pieces.

Inventory:

Hand Weapons
 a - a +1 short sword (weapon)
Armour
 b - a +1 robe (worn)
Jewellery
 d - a +2 amulet of reflection (around neck)
Scrolls
 e - a scroll of identify
 f - a scroll of random uselessness {unknown}
 g - 2 scrolls of remove curse
 k - a scroll of fear {unknown}
Potions
 h - a potion of invisibility {unknown}
 i - a potion of agility {unknown}
 l - a potion of berserk rage {unknown}
 m - a potion of ambrosia {unknown}
Comestibles
 c - 2 bread rations
 j - a slice of pizza


   Skills:
 + Level 2.7 Fighting
 * Level 3.3 Short Blades
 + Level 4.0 Dodging
 + Level 1.4 Stealth
 * Level 2.9 Invocations


You had 3 spell levels left.
You didn't know any spells.

Dungeon Overview and Level Annotations

Branches:
Dungeon (3/15)

Altars:
Ashenzari


Innate Abilities, Weirdness & Mutations

You are tiny and cannot use many weapons and most armour.
You have supernaturally acute eyesight.
You are a herbivore.
You cover ground extremely quickly.
You need consume almost no food.
You have sharp fingernails.
Your mind is acute. (Int +2)


Message History

You closely miss the orc priest.
The orc priest is severely wounded.
The orc misses you.
You hit the orc priest but do no damage.
The orc priest is severely wounded.
The orc priest hits you with a trident!
* * * LOW HITPOINT WARNING * * *
The orc completely misses you.
Found a stone staircase leading down.
Found a meat ration.
Found a flail.
You open the door.
A giant newt comes into view.
There is an open door here.
The giant newt barely misses you.
You miss the giant newt. You hit the giant newt.
The giant newt is heavily wounded.
The giant newt bites you.
You die...

#.>.....# #.#.....#
#.......######.#.....#
#.........ooo.......#
#######o######.#.##.#
#o#...o....#
####.#.#####.## #..%.#
.. #...o######.####
#)...'..@l......
#....######.####
######


You could see an orc and a giant newt.

Vanquished Creatures
  An orc wizard (D:3)
  An adder (D:2)
  2 worms
  3 dart slugs
  A giant gecko (D:2)
  2 giant cockroaches
  6 goblins
  8 hobgoblins
  A quokka (D:2)
  3 bats (D:2)
  3 giant newts
  6 kobolds
  7 rats
44 creatures vanquished.

Notes
Turn   | Place    | Note
--------------------------------------------------------------
     0 | Abyss:1  | epen the Spriggan Abyssal Knight began the quest for the Orb.
     0 | Abyss:1  | Reached XP level 1. HP: 11/11 MP: 3/3
    13 | D:1      | Escaped the Abyss
   277 | D:1      | Reached XP level 2. HP: 14/16 MP: 4/4
   593 | D:1      | Reached ** piety under Lugonu
  1021 | D:1      | Gained mutation: You have sharp fingernails. [potion of mutation]
  1021 | D:1      | Gained mutation: Your mind is acute. (Int +2) [potion of mutation]
  1131 | D:2      | Reached XP level 3. HP: 12/19 MP: 5/5
  1562 | D:2      | Noticed a water moccasin
  1908 | D:2      | Reached skill level 1 in Stealth
  1919 | D:2      | Reached skill level 4 in Dodging
  2444 | D:3      | Found a shattered altar of Ashenzari.
  2830 | D:3      | Reached XP level 4. HP: 13/23 MP: 7/7
  3010 | D:3      | Slain by a giant newt

Vault maps used:
D:1:      saegor_arrival_simple_f, st_stairs_1
D:2:      first_bread, grunt_decor_arrowhead
D:3:      good_gods_mini_temple, ecumenical_altar_1, minmay_misc_feat_square,
          evilmike_ruin_ashenzari, uniq_grinder, uniq_crazy_yiuf_cottage,
          uniq_iyjb

Skill      XL: |  1  2  3 |
---------------+----------+-----
Invocations    | 2 |  2.9
Stealth        | 1 |  1.4
Dodging        | 4 |  4.0
Short Blades   | 3 |  3.3
Fighting       | |  2.7

Action                   |  1- 3 |  4- 6 || total
-------------------------+-------+-------++-------
Melee: Short sword       |   174 |     7 ||   181
  Use: Scroll            |     4 |       ||     4
       Potion            |     1 |       ||     1
 Stab: Sleeping          |     4 |       ||     4
Armor: Robe              |    13 |       ||    13
Dodge: Dodged            |   110 |     5 ||   115
Block: Other             |     8 |     1 ||     9
